Map: Lightshade LE

Players

黑羽快斗 (ButAlways) - Winner!

  • Race: Protoss Protoss
  • League: Grandmaster
  • Spawn Location: 11:00

Nice

  • Race: Protoss Protoss
  • Spawn Location: 5:00

Event: DreamHack SC2 Masters 2020 Winter

VOD

Have the link to the VOD?

Description

Time

  • Played on: Oct. 23, 2020, 8:05 a.m.
  • Length: 7:18

All games in this series

Show
View Real Time Build Order
Export as new Build Order

黑羽快斗 Protoss - Winner!

Build Orders:  

Get SALT Encoding   

  12  0:01  Probe  
  13  0:13  Probe  
  14  0:16  Pylon  
  14  0:19  Pylon  
  14  0:25  Probe  
  15  0:38  Gateway, Probe (Chrono Boost)  
  16  0:46  Probe (Chrono Boost)  
  16  0:49  Assimilator  
  17  0:52  Probe  
  17  0:56  Assimilator  
  18  1:04  Probe (Chrono Boost)  
  19  1:11  Gateway  
  19  1:13  Probe (Chrono Boost)  
  20  1:19  Probe (Chrono Boost)  
  21  1:28  Cybernetics Core  
  21  1:31  Probe  
  22  1:41  Pylon  
  22  1:43  Probe  
  24  2:02  Warp Gate (Chrono Boost)  
  24  2:04  Stalker x2  
  27  2:10  Robotics Facility  
  27  2:17  Pylon  
  27  2:34  Stalker x2  
  31  2:42  Gateway  
  31  2:56  Warp Prism (Chrono Boost)  
  33  3:06  Pylon  
  33  3:13  Pylon  
  33  3:22  Shield Battery  
  33  3:25  Observer  
  34  3:47  Stalker x3  
  40  3:59  Immortal (Chrono Boost)  
  44  4:24  Observer  
  44  4:29  Immortal (Chrono Boost)  
  44  4:34  Stargate  
  48  4:41  Observer  
  48  4:42  Pylon  
  48  5:04  Pylon  
  48  5:08  Immortal  
  52  5:19  Phoenix (Chrono Boost)  
  54  5:31  Observer  
  54  5:41  Phoenix (Chrono Boost)  
  56  5:43  Observer  
  56  5:45  Observer  
  56  5:47  Observer  
  56  5:52  Nexus  
  56  5:58  Phoenix  
  58  6:10  Immortal  
  62  6:19  Pylon  
Show
View Real Time Build Order
Export as new Build Order

Nice Protoss 

Build Orders:  

Get SALT Encoding   

  12  0:00  Probe  
  13  0:12  Probe  
  14  0:19  Pylon  
  14  0:24  Probe  
  15  0:37  Probe (Chrono Boost)  
  15  0:38  Gateway  
  16  0:48  Assimilator, Probe (Chrono Boost)  
  17  0:51  Assimilator  
  17  0:53  Probe (Chrono Boost)  
  18  1:04  Probe (Chrono Boost)  
  18  1:09  Gateway  
  19  1:14  Probe (Chrono Boost)  
  20  1:19  Probe (Chrono Boost)  
  20  1:24  Cybernetics Core  
  21  1:31  Probe  
  22  1:43  Probe  
  23  1:48  Pylon  
  23  1:59  Warp Gate (Chrono Boost), Pylon  
  23  2:06  Adept x2  
  27  2:17  Stargate  
  27  2:26  Probe  
  28  2:30  Pylon  
  28  2:38  Probe  
  28  2:42  Stalker x2  
  33  3:03  Gateway  
  33  3:04  Robotics Facility  
  32  3:12  Stalker x2  
  36  3:22  Shield Battery  
  36  3:50  Pylon  
  36  3:59  Pylon  
  36  4:01  Immortal (Chrono Boost)  
  36  4:10  Shield Battery  
  36  4:12  Stalker x2  
  40  4:18  Stalker  
  42  4:34  Observer  
  43  4:42  Stalker x2  
  43  4:43  Stalker  
  49  4:58  Warp Prism (Chrono Boost)  
  51  5:05  Sentry  
  51  5:06  Sentry  
  55  5:23  Pylon  
  55  5:26  Observer  
  51  5:43  Twilight Council  
  51  5:44  Probe  
  52  5:56  Probe  
  52  5:57  Nexus  
  52  6:08  Probe  
  53  6:17  Stalker  
  47  6:50  Stalker x3  
Tags
 
Add a new tag
Caveats
  • Supply blocks, unpowered buildings, or Contaminate may cause inaccurate times.
  • Supply counts are checked every 10 seconds.